 Dungeon Crawl Stone Soup version 0.31.0-32-g396128a36d (webtiles) character file.

Game seed: 18284633392664850287

1031 Festo the Covered (level 8, -11/71 HPs)
             Began as a Minotaur Fighter on Mar 8, 2024.
             Was an Initiate of Trog.
             Mangled by an orc wizard
             ... wielding a +1 dagger of distortion
              (25 damage)
             ... on level 5 of the Dungeon.
             The game lasted 00:49:27 (5700 turns).

Festo the Covered (Minotaur Fighter)                Turns: 5700, Time: 00:49:28

Health: -11/71     AC: 19    Str: 22    XL:     8   Next: 3%
Magic:  7/7        EV:  3    Int:  5    God:    Trog [......]
Gold:   245        SH: 10    Dex: 11    Spells: 7/7 levels left

rFire   + . .        a - +0 war axe
rCold   x . .        c - +0 buckler
rNeg    . . .        k - +1 crystal plate armour
rPois   .            (helmet restricted)
rElec   .            (no cloak)
rCorr   .            (no gloves)
SInv    .            (no boots)
Will    .....        z - amulet of reflection Stlth
                     j - ring of fire
HPRegen 0.31/turn    (no ring)
MPRegen 0.10/turn

%: reflection
@: no status effects
A: horns 2, retaliatory headbutt
a: Renounce Religion


You were on level 5 of the Dungeon.
You worshipped Trog.
Trog was noncommittal.
You visited 2 branches of the dungeon, and saw 6 of its levels.

You collected 269 gold pieces.
You donated 24 gold pieces to Zin.

Inventory:

Hand Weapons
 a - a +0 war axe (weapon)
 e - a +0 dagger
 h - a +0 sling
 i - a +0 whip
 n - a +3 quarterstaff of chaos
 p - a +0 hammer
 w - a +0 short sword
 y - a +0 short sword of draining
 A - a +0 rapier
 L - a +3 hand axe
Missiles
 f - 23 stones
 s - 4 poisoned darts (quivered)
Armour
 b - a +0 scale mail
 c - a +0 buckler (worn)
 k - a +1 crystal plate armour (worn)
 o - a +0 cloak
 r - a +0 plate armour
 t - +0 steam dragon scales
 x - a +0 ring mail
 B - a +0 robe
 I - a +0 robe
 K - a +0 leather armour
 Q - a +0 chain mail
Jewellery
 j - a ring of fire (left hand)
 u - an amulet of guardian spirit
 z - an amulet of reflection (around neck)
Talismans
 C - a serpent talisman
Wands
 E - a wand of flame (15)
 O - a wand of charming (9)
Scrolls
 l - a scroll of identify
 v - 2 scrolls of teleportation
 D - a scroll of butterflies
 F - a scroll of brand weapon
 P - a scroll of noise {unknown}
Potions
 d - 2 potions of might
 g - 2 potions of magic
 m - 4 potions of attraction
 q - a potion of ambrosia {unknown}
 G - 2 potions of lignification
 H - a potion of heal wounds
 J - a potion of haste {unknown}
 N - a potion of curing


   Skills:
 + Level 6.4 Fighting
 + Level 5.4 Axes
 - Level 3.3 Staves
 + Level 6.9 Armour
 - Level 0.7 Dodging
 + Level 5.9 Shields


You had 7 spell levels left.
You didn't know any spells.
Your spell library contained the following spells:

 Spells                   Type           Power      Damage    Failure   Level
 Malign Gateway           Summ/Tloc      0%         N/A       100%        7
 Summon Horrible Things   Summ           0%         N/A       100%        8


Dungeon Overview and Level Annotations

Branches:
Dungeon (5/15)             Temple (1/1) D:5

Altars:
Ashenzari
Cheibriados
Dithmenos
Elyvilon
Gozag
Makhleb
Ru
Trog
Uskayaw
Wu Jian
Xom
Yredelemnul
Zin
The Shining One


Innate Abilities, Weirdness & Mutations

You have a pair of horns on your head.
You reflexively headbutt those who attack you in melee.


Message History

You closely miss the orc. The orc hits you but does no damage.
You slash the orc!
You kill the orc!
Trog accepts your kill.
You hit something but do no damage. Something hits you but does no damage.
You miss something. Your headbutt misses something.
Something completely misses you. Something hits you but does no damage.
The orc barely misses you. You furiously retaliate!
You headbutt the orc!
You kill the orc!
Trog accepts your kill.
You hit something but do no damage. x2; Something hits you but does no damage.
Space warps horribly around you!!
You hear some strange, mumbled words.
You are confused.
Something hits you but does no damage. Space warps around you.
You hear some strange, mumbled words.
A puff of flame appears from out of thin air!
The puff of flame hits you. You resist.
Things that are here:
a +0 morningstar; a +0 ring mail You bump into the rock wall.
Something hits you. Space warps around you.
You hear some strange, mumbled words.
Something tries to affect you, but you resist.
Something hits you but does no damage. x2
Something hits you but does no damage. Space warps horribly around you!
* * * LOW HITPOINT WARNING * * *
Things that are here:
a +0 morningstar; a +0 ring mail You feel much better.
Something hits you but does no damage. Space warps horribly around you!!
* * * LOW HITPOINT WARNING * * *
Something hits you but does no damage.
You feel less confused. Something hits you but does no damage.
Space warps around you.
* * * LOW HITPOINT WARNING * * *
You start resting.
Something hits you but does no damage. You block something's attack.
You start resting.
Something hits you but does no damage. x2
Space warps horribly around you!!
You die...

### ############ ..#
##..#.##..#.###### ..##
##.............#..# ...#
#.................. ##.###
###..†............# ##...#
#......@...##....#
#.#######.#......)##.....#
#...#.#.........#........#
##.....[..###)...###).....#
###..#.....###..##
##....... # ##.##..####..##
..#...| #######.....##..
..# ... ...## #.....##...
..# #. ....###........ .##


There were no monsters in sight!

Vanquished Creatures
  A black bear (D:5)
  2 ogres (D:5)
  A phantom (D:5)
  2 scorpions
  6 hounds
  2 jellies (D:5)
  2 orc priests (D:4)
  Crazy Yiuf (D:2)
  A sleepcap (D:5)
  An iguana (D:4)
  Ijyb (D:3)
  An orc wizard (D:5)
  3 adders
  A white imp (D:5)
  2 ufetubi (D:3)
  2 dart slugs
  4 ribbon worms
  14 orcs
  3 bats
  11 endoplasms
  4 giant cockroaches
  6 goblins
  7 hobgoblins
  3 jackals (D:2)
  4 kobolds
  3 quokkas (D:1)
  4 ball pythons
  4 frilled lizards
  6 rats
102 creatures vanquished.

Notes
Turn   | Place    | Note
-------+----------+-------------------------------------------
     0 | D:1      | Festo the Minotaur Fighter began the quest for the Orb.
     0 | D:1      | Reached XP level 1. HP: 19/19 MP: 0/0
    39 | D:2      | Reached XP level 2. HP: 27/27 MP: 1/1
   219 | D:2      | Noticed a shining eye
   221 | D:2      | Noticed a golden eye
   223 | D:2      | Found a faded altar of an unknown god.
   238 | D:2      | Reached XP level 3. HP: 9/33 MP: 2/2
   366 | D:2      | Noticed a shining eye
   366 | D:2      | Noticed a shining eye
   527 | D:2      | Found a runed translucent door.
   528 | D:2      | Noticed Crazy Yiuf
   534 | D:2      | Killed Crazy Yiuf
   701 | D:1      | Reached XP level 4. HP: 40/40 MP: 3/3
  2232 | D:3      | Reached skill level 1 in Staves
  2761 | D:3      | Noticed Ijyb
  2773 | D:3      | Killed Ijyb
  2774 | D:3      | Reached XP level 5. HP: 38/47 MP: 4/4
  3256 | D:4      | Found a glowing silver altar of Zin.
  3271 | D:4      | Became a worshipper of Zin the Law-Giver
  3271 | D:4      | Reached * piety under Zin
  3562 | D:4      | Reached skill level 5 in Armour
  3675 | D:4      | Found a white marble altar of Elyvilon.
  3764 | D:4      | Reached XP level 6. HP: 55/55 MP: 5/5
  3942 | D:4      | Reached skill level 5 in Fighting
  5058 | D:5      | Entered Level 5 of the Dungeon
  5112 | D:5      | Found a staircase to the Ecumenical Temple.
  5117 | D:5      | Reached XP level 7. HP: 60/61 MP: 6/6
  5131 | Temple   | Entered the Ecumenical Temple
  5229 | Temple   | Fell from the grace of Zin
  5229 | Temple   | Became a worshipper of Trog the Wrathful
  5345 | D:5      | Reached skill level 5 in Shields
  5441 | D:5      | Reached skill level 5 in Axes
  5685 | D:5      | Reached XP level 8. HP: 71/71 MP: 7/7
  5700 | D:5      | Mangled by an orc wizard

Illustrated notes

Levels and vault maps discovered:
D:1:      amcnicky_arrival_flooded_fountain, layout_basic
D:2:      layout_rooms, hellmonk_ecumenical_altar_watching_god,
          uniq_crazy_yiuf_cottage
D:3:      layout_loops_corners, dreamdust_mushroom_princess, uniq_ijyb
D:4:      layout_gridville, elyvilon_altar_1, zin_academy
D:5:      layout_cave_pools, temple_hall, minmay_fractal_squares_5
Temple:   minmay_temple_bridge_abc

Skill      XL: |  1  2  3  4  5  6  7 |
---------------+----------------------+-----
Armour         | 4 5 6 |  6.9
Fighting       | 4 5 6 |  6.4
Axes           | 3 4 5 |  5.4
Shields        | 4 5 |  5.9
Staves         | 2 3 |  3.3
Dodging        | |  0.7

Action                     |  1- 3 |  4- 6 |  7- 9 || total
---------------------------+-------+-------+-------++-------
  Melee: War axe           |    38 |    84 |    54 ||   176
         Headbutt          |     6 |    21 |    12 ||    39
         Quarterstaff      |     2 |    73 |       ||    75
  Throw: Dart              |       |     6 |       ||     6
    Use: Scroll            |     5 |     4 |     3 ||    12
         Potion            |     1 |     2 |     1 ||     4
 Armour: Scale mail        |    33 |       |       ||    33
         Crystal plate arm |     2 |   113 |    60 ||   175
  Dodge: Dodged            |    35 |    19 |     6 ||    60
  Block: Buckler           |     4 |    37 |    30 ||    71
         Other             |       |    14 |       ||    14
         Reflection        |       |     3 |     1 ||     4
